 Dungeon Crawl Stone Soup version 0.22-a0-284-g99d1f74 (webtiles) character file.

31 MatthieuS the Insei (level 3, 0/43 HPs)
             Began as a Human Monk on Mar 22, 2018.
             Killed from afar by an orc wizard (4 damage)
             ... with a magic dart
             ... on level 2 of the Dungeon.
             The game lasted 00:02:35 (992 turns).

MatthieuS the Insei (Human Monk)                     Turns: 992, Time: 00:02:36

Health: 0/43       AC: 21    Str: 12    XL:     3   Next: 40%
Magic:  3/3        EV:  2    Int: 10    God:
Gold:   45         SH:  0    Dex: 15    Spells: 2/2 levels left

rFire    + . .     SeeInvis .     - Unarmed
rCold    + . .     Gourm    .   (no shield)
rNeg     + + +     Faith    .   (armour currently unavailable)
rPois    +         Spirit   .   (helmet currently unavailable)
rElec    +         Reflect  .   (cloak currently unavailable)
rCorr    +         Harm     .   (gloves currently unavailable)
MR       .....     NoTele   +   (boots currently unavailable)
Stlth    ++........             (no amulet)
HPRegen  0.14/turn              (no ring)
MPRegen  0.08/turn              (no ring)

@: tree-form, resistant, hasted and slowed
A: no striking features
a: no special abilities


You were on level 2 of the Dungeon.
You were not hungry.
You were a tree.
You visited 1 branch of the dungeon, and saw 2 of its levels.

You collected 45 gold pieces.

Inventory:

Missiles
 i - 18 poisoned needles
Armour
 a - a +0 helmet (melded)
   (You found it on level 1 of the Dungeon)
 l - a +0 ring mail (melded)
   (You found it on level 1 of the Dungeon)
Jewellery
 b - an uncursed ring of magical power {unknown}
   (You found it on level 1 of the Dungeon)
Scrolls
 c - a scroll of amnesia {unknown}
 d - 2 scrolls of identify {unknown}
 f - a scroll of fear {unknown}
 h - a scroll of fog {unknown}
Potions
 g - a potion of might {unknown}
Comestibles
 e - 4 rations
 n - 5 chunks of flesh


   Skills:
 + Level 3.2 Fighting
 + Level 1.1 Armour
 - Level 3.1 Dodging
 - Level 2.0 Stealth
 * Level 3.6 Unarmed Combat


You had 2 spell levels left.
You didn't know any spells.

Dungeon Overview and Level Annotations

Branches:
Dungeon (2/15)

Altars:
Nemelex Xobeh
Xom
The Shining One


Message History

You feel less invigorated.
You feel less confused. The orc wizard misses you.
The orc priest hits you with a hand axe.
* * * LOW HITPOINT WARNING * * *
You hit the orc priest. The orc wizard closely misses you.
The orc wizard barely misses you.
Unknown command.
You hit the orc priest but do no damage.
The orc priest hits you with a hand axe.
* * * LOW HITPOINT WARNING * * *
The orc wizard hits you with a dagger.
* * * LOW HITPOINT WARNING * * *
It was a potion of resistance.
You feel protected.
The orc wizard hits you but does no damage.
The orc priest hits you with a hand axe.
* * * LOW HITPOINT WARNING * * *
The goblin barely misses you. The orc wizard barely misses you.
It was a potion of lignification.
You turn into a tree.
Your +0 helmet melds into your body.
Your +0 ring mail melds into your body.
Your roots penetrate the ground.
The orc wizard casts a spell at you.
You feel yourself slow down.
The orc priest hits you but does no damage.
The goblin hits you but does no damage.
You hit the orc priest.
The orc wizard hits you but does no damage.
The orc priest looks satisfied for a moment.
The orc wizard hits you but does no damage.
The goblin hits you but does no damage.
Unknown command.
You hit the orc priest.
The orc wizard gestures at you while chanting.
You feel as though you will be slow longer.
The orc priest hits you but does no damage.
The goblin hits you with a club.
* * * LOW HITPOINT WARNING * * *
The orc wizard hits you but does no damage.
The orc priest hits you but does no damage.
It was a potion of haste.
You feel yourself speed up.
The orc wizard hits you but does no damage.
The goblin hits you but does no damage.
The orc wizard hits you but does no damage.
The orc priest barely misses you. The goblin hits you but does no damage.
You hit the orc priest but do no damage.
The orc wizard barely misses you.
The orc wizard points at you and mumbles some strange words.
The magic dart hits you!
You die...

## .#### ....#
.##.#############
##..............#
#...######.####.#####
....................
.....##.##.....##g#
....##.#)##.#.##♣#
....#..#...###)oo#
....##.#.##.#.##)#
.....##.##.....##.#
....................
.............#...[...
.............>........#
.........##............
......... ##...........


You could see an orc priest, an orc wizard and a goblin.

Vanquished Creatures
  An orc (D:2)
  3 bats
  6 giant cockroaches
  6 goblins
  3 hobgoblins
  2 kobolds
  5 rats (D:1)
26 creatures vanquished.

Notes
Turn   | Place    | Note
-------+----------+-------------------------------------------
     0 | D:1      | MatthieuS the Human Monk began the quest for the Orb.
     0 | D:1      | Reached XP level 1. HP: 18/18 MP: 1/1
   248 | D:1      | Reached XP level 2. HP: 22/24 MP: 2/2
   718 | D:1      | Reached XP level 3. HP: 26/29 MP: 3/3
   892 | D:2      | Reached skill level 1 in Armour
   925 | D:2      | Found a shimmering altar of Xom.
   930 | D:2      | Found a glowing golden altar of the Shining One.
   934 | D:2      | Found a sparkling altar of Nemelex Xobeh.
   992 | D:2      | Killed from afar by an orc wizard

Vault maps used:
D:1:      minmay_arrival_four_houses, hex_medium, st_stairs_10
D:2:      minmay_wonky_spiral, grunt_temple_overflow_diamond, serial_curves,
          eino_curves_03, eino_curves_01, eino_curves_04, minmay_statues_item,
          minmay_ruptured, uniq_robin

Skill      XL: |  1  2  3 |
---------------+----------+-----
Armour         | 1 |  1.1
Fighting       | |  3.2
Dodging        | |  3.1
Stealth        | |  2.0
Unarmed Combat | |  3.6

Action                   || total
-------------------------++-------
Melee: Unarmed           ||   115
       Punch             ||     1
  Use: Potion            ||     4
 Stab: Sleeping          ||     2
Armor: Leather armour    ||    12
       Robe              ||     1
       Ring mail         ||    13
       Skin              ||    10
Dodge: Dodged            ||    79

Table legend:
 A = Spawn XP
 B = Non-spawn XP
 C = Spawn XP percentage of total XP
 D = Spawn monster count
 E = Non-spawn monster count
 F = Spawn count percentage of total count
 G = Total turns spent on level
                    A         B        C        D         E        F      G
               +---------+---------+-------+---------+---------+-------+---------
         Total |       0 |      45 |   0.0 |       0 |      26 |   0.0 |   992
               +---------+---------+-------+---------+---------+-------+---------
           D:1 |       0 |      31 |   0.0 |       0 |      19 |   0.0 |   862
           D:2 |       0 |      14 |   0.0 |       0 |       7 |   0.0 |   130
               +---------+---------+-------+---------+---------+-------+---------
